[Event "44th Chess Olympiad Open 2022"]
[Site "Chennai"]
[Date "2022.08.07"]
[Round "9.66"]
[White "Estur, Gavino Aguilar"]
[Black "Rurik Capella"]
[Result "1/2-1/2"]
[ECO "B08"]
[WhiteElo "1598"]
[BlackElo "1952"]
[Annotator "TA"]
[PlyCount "117"]
[EventDate "2022.07.29"]
[EventType "team-tourn"]
[EventCountry "IND"]
[SourceTitle "playchess.com"]
[Source "ChessBase"]
[SourceQuality "1"]
[WhiteTeam "GUM"]
[BlackTeam "Netherlands Antilles"]
[BlackTeamCountry "AHO"]
[TimeControl "40/5400+30:1800+30"]

1. e4 d6 2. d4 g6 3. Nc3 Bg7 4. Nf3 Nf6 5. h3 O-O 6. Bc4 (6. Bg5 $14) 6... Nxe4 $1 $11 {[%emt 0:00:42] B08: Pirc Defence: Classical System.} 7. O-O (7. Nxe4 $15 d5 8. Bd3 dxe4 9. Bxe4) 7... Nxc3 $17 8. bxc3 {[%emt 0:00:09] [#]} Nc6 $146 ({Predecessor:} 8... d5 9. Bb3 c5 10. Ba4 Qa5 11. dxc5 Qxa4 12. Qxd5 Qc6 13. Rd1 Qxd5 14. Rxd5 Be6 {0-1 (50) Sweetland,D (1287)-Ibbitson,A (1423) ICCF email 2018}) 9. Ng5 h6 10. Nxf7 (10. Nf3 $17) 10... Rxf7 $19 11. Bxf7+ Kxf7 12. Qf3+ Kg8 13. g4 e5 14. d5 Ne7 15. Rb1 g5 16. Qe4 c6 17. c4 c5 18. Rb3 Qe8 19. Kh2 Ng6 20. Rf3 Bd7 21. Rb3 b6 22. f3 Qf7 23. Kg3 Rf8 24. Ra3 Be8 25. Bd2 Qe7 26. Kg2 Nh4+ 27. Kg1 Bg6 28. Qe2 Bh7 29. f4 gxf4 30. Rxf4 Rxf4 31. Bxf4 e4 32. Kh2 (32. Kh1 $142) 32... Bb2 33. Rb3 Be5 34. Bxe5 Qxe5+ 35. Kh1 Nf3 {[%emt 0:02:53] [#] ( -> ...Qa1+)} 36. Qf2 Qa1+ 37. Kg2 Qe5 38. Kh1 {[%emt 0:01:20] Against Qh2+} Bg6 39. Ra3 Qe7 40. Kg2 Nh4+ 41. Kg1 Nf3+ 42. Kg2 $1 Kg7 43. Kf1 Ne5 44. Qe2 Qf7+ 45. Kg2 Nf3 {[%emt 0:00:00] [#] ...Qf4 is the strong threat.} 46. Qf2 Qe7 47. Kf1 $1 Nd4 48. Re3 Qe5 49. c3 Nf3 50. Ke2 b5 51. cxb5 Qxd5 52. Kf1 Nd2+ 53. Kg1 Nc4 54. Re1 Qd3 55. Rf1 {[%emt 0:00:00] Threatening mate with Qf6+.} Qe3 56. Qxe3 Nxe3 57. Re1 (57. Rc1 {is a better defense.} Nc4 58. Kf2) 57... Nc4 {[%emt 0:00:43] And now ...e3 would win.} 58. a4 Kf6 {[%emt 0:03:10] Threatens to win with ...e3.} 59. Kf2 $2 {[%emt 0:00:22][%mdl 32768] White did not feel at home in the position after the opening.  Weighted Error Value: White=0.34/Black=0.47. An unexpected result.} (59. h4 {keeps fighting.}) 1/2-1/2

[Event "44th Chess Olympiad Open 2022"]
[Site "Chennai"]
[Date "2022.08.07"]
[Round "9.67"]
[White "Mizzi, Jack"]
[Black "Nicholas Arvin"]
[Result "1-0"]
[ECO "E09"]
[WhiteElo "1913"]
[BlackElo "1744"]
[Annotator "TA"]
[PlyCount "61"]
[EventDate "2022.07.29"]
[EventType "team-tourn"]
[EventCountry "IND"]
[SourceTitle "playchess.com"]
[Source "ChessBase"]
[SourceQuality "1"]
[WhiteTeam "Malta"]
[BlackTeam "LCA"]
[WhiteTeamCountry "MLT"]
[TimeControl "40/5400+30:1800+30"]

1. d4 d5 2. c4 e6 3. Nf3 Nf6 4. g3 Nbd7 5. Bg2 Be7 6. O-O O-O 7. Nbd2 c6 8. Qc2 Re8 9. Rd1 Nf8 10. b3 {[%emt 0:01:08] E09: Closed Catalan: Main Line: 7 Qc2 c6 8 Nbd2.} Ng6 11. Bb2 Qc7 12. Rac1 {[%emt 0:00:43] White is better.} Bd7 13. e4 dxe4 14. Nxe4 {[%emt 0:00:08] [#]} Qb6 $146 ({Predecessor:} 14... Rad8 15. Nc3 Bc8 16. Qb1 Qa5 17. a4 Qh5 18. Ne4 Ng4 19. h3 Nh6 20. Bc3 e5 {1-0 (32) Peglau,C (1870)-Malinowsky,C (1519) Kiel 2022}) 15. Ne5 {[%emt 0:01:24] [#] Hoping for Nxf6+.} Rad8 ({Black should try} 15... Nxe4 16. Nxd7 (16. Bxe4 Qc7 $16) 16... Qc7) 16. Ng5 $16 Rf8 17. h4 {[%emt 0:03:17][%cal Bh2h4,Bh4g5][%mdl 32] 0x0.0019eec5c67ddp-1022s more active pieces.} Nh5 $2 (17... Be8 $16 18. Re1 Qc7) 18. Bf3 $18 ({Don't take} 18. c5 $6 Qa6 19. Bf3 Nf6 $18) 18... Bxg5 19. Nxd7 ({Much less strong is} 19. hxg5 Nxe5 20. dxe5 (20. Bxh5 Ng6 $16) 20... g6 $18) 19... Rxd7 20. hxg5 Nxg3 21. fxg3 Qa5 22. d5 Qc7 23. Kg2 c5 24. Qc3 {[%emt 0:02:19][%csl Gb2][%cal Rc3g7] [#]} e5 25. Bh5 f6 26. Rf1 Rd6 27. Bxg6 hxg6 28. Qd3 Qe7 29. Rce1 Rf7 30. Rh1 Kf8 31. Rh8# {[%emt 0:00:08] Black got outplayed after the opening.  Weighted Error Value: White=0.05 (flawless) /Black=0.42} 1-0

[Event "44th Chess Olympiad Open 2022"]
[Site "Chennai"]
[Date "2022.08.07"]
[Round "9.67"]
[White "Cilia Vincenti, David"]
[Black "Mathurin, Nathaniel"]
[Result "1-0"]
[ECO "D04"]
[WhiteElo "1904"]
[BlackElo "1722"]
[Annotator "TA"]
[PlyCount "43"]
[EventDate "2022.07.29"]
[EventType "team-tourn"]
[EventCountry "IND"]
[SourceTitle "playchess.com"]
[Source "ChessBase"]
[SourceQuality "1"]
[WhiteTeam "Malta"]
[BlackTeam "LCA"]
[WhiteTeamCountry "MLT"]
[TimeControl "40/5400+30:1800+30"]

1. d4 Nf6 2. Nf3 d5 3. e3 c5 4. Nbd2 Nc6 5. Bb5 Qb6 6. c4 {[%emt 0:00:21] D04: Colle System.} e6 7. Ne5 Bd6 8. Qa4 {[%emt 0:33:05] [#] The position is equal.} O-O $146 ({Predecessor:} 8... Bd7 9. Nxd7 Nxd7 10. b4 cxd4 11. c5 Nxc5 12. bxc5 Bxc5 13. Bxc6+ Qxc6 14. Qxc6+ bxc6 {0-1 (53) Sultan Khan,M-Maroczy,G London 1932}) 9. Bxc6 (9. Nxc6 $11 bxc6 10. Bxc6) 9... bxc6 $15 10. Qxc6 Qb8 {[%emt 0:04:20] [#] Hoping for ...Bb7.} 11. Ndf3 (11. O-O $15) 11... Bxe5 ({Black should try} 11... Bb7 $17 12. Qb5 dxc4 13. Nxc4 cxd4 14. exd4 (14. Nxd6 Qxd6 15. exd4 Rfc8 $17) 14... Rc8) 12. dxe5 $11 Bb7 13. Qb5 Ne4 14. O-O Qc8 15. b3 (15. Nd2 $14) 15... Ba6 ({Black should play} 15... a5 $15 16. Qa4 Bc6) 16. Qa4 $14 Rb8 17. Ba3 (17. Nd2 $16) 17... Rd8 18. Rfc1 {[%emt 0:03:27] Black must now prevent cxd5.} d4 (18... dxc4 $14 19. bxc4 h6) 19. exd4 $18 cxd4 20. Bb4 {[%emt 0:06:32] Inhibits Nc3.} f6 (20... h6 $16) 21. Ba5 (21. Ne1 $18) 21... Rd7 $16 {[%emt 0:01:42] [#]} 22. Rd1 $1 {[%emt 0:01:27] Weighted Error Value: White=0.34/Black=0.43} 1-0

[Event "44th Chess Olympiad Open 2022"]
[Site "Chennai"]
[Date "2022.08.07"]
[Round "9.68"]
[White "Matola Ernest"]
[Black "Isam, Gaith"]
[Result "1-0"]
[ECO "A90"]
[WhiteElo "1964"]
[BlackElo "1828"]
[Annotator "TA"]
[PlyCount "106"]
[EventDate "2022.07.29"]
[EventType "team-tourn"]
[EventCountry "IND"]
[SourceTitle "playchess.com"]
[Source "ChessBase"]
[SourceQuality "1"]
[WhiteTeam "MAW"]
[BlackTeam "Palestine"]
[BlackTeamCountry "PLE"]
[TimeControl "40/5400+30:1800+30"]

1. Nf3 f5 2. d4 e6 3. g3 Nf6 4. Bg2 d5 5. O-O Bd6 6. c4 c6 7. Nc3 O-O 8. Bg5 Nbd7 9. c5 {[%emt 0:00:34] A90: Dutch Defence: Miscellaneous and Modern Stonewall (with ...Bd6).} Bc7 10. b4 a6 ({Better is} 10... Qe8 $11) 11. a4 {[%emt 0:00:44] [#] White is slightly better.} h6 $146 ({Predecessor:} 11... e5 12. dxe5 Nxe5 13. Nd4 h6 14. Bxf6 Qxf6 15. e3 Nd7 16. Rc1 Kh8 17. Qh5 Ne5 {½-½ (34) Caballero Gomez Casero,E (1773)-Delgado Montanes,J (2078) Salou 2017}) 12. Bd2 e5 13. e3 e4 14. Ne1 Qe8 15. b5 axb5 (15... Rf7 $11) 16. axb5 $14 Rxa1 17. Qxa1 Nh7 18. f4 (18. bxc6 $16 bxc6 19. Qa7) 18... exf3 $1 $11 19. Nxf3 {[%emt 0:00:14] Black must now prevent Qa8.} Ng5 (19... Ndf6 $11 {remains equal.}) 20. Nxg5 $16 (20. Qa8 {is interesting.} Ne4 21. Nxe4 fxe4 22. bxc6 bxc6 23. Qxc6 exf3 24. Rxf3 Bb8 25. Qxd5+ Kh8 26. Rxf8+ Nxf8 27. Qc6) 20... hxg5 {[%emt 0:00:15] [#]} 21. Qa4 {[%emt 0:01:32] White is more active.} (21. Qa8 $1 $16 Kh8 22. bxc6 bxc6 23. Qxc6) 21... Nf6 $11 22. b6 Bd8 23. Qa8 Be7 24. Ra1 Qd7 25. Qb8 Bxc5 $2 {[%emt 0:02:11][%mdl 8192] Black cannot hold the game after this.} 26. dxc5 $18 d4 27. Nd1 dxe3 28. Bxe3 Ng4 29. Qd6 ({Inferior is} 29. h3 Nxe3 30. Nxe3 Qd4 $17) 29... Qe8 30. Bf2 f4 31. gxf4 gxf4 32. h3 Rf6 33. Qd2 ({Stronger than} 33. hxg4 Rxd6 34. cxd6 Bxg4 $17) 33... Nxf2 34. Nxf2 ({Not} 34. Kxf2 Qh5 $16) 34... f3 {[%emt 0:05:13] [#]} 35. Bf1 $1 Qe5 (35... Be6 $142 36. Qe3 Qf8) 36. Ra8 Rf8 37. Qd6 Qg5+ 38. Kh2 {[%emt 0:00:50][%cal Oa8c8] Rxc8! would kill now.} Qe3 39. Ng4 Qe8 40. Qe5 (40. Bc4+ $142 Kh8 41. Ne5 Rf6 42. Qd4 Kh7 43. Qe4+ Bf5 44. Qh4+ Rh6 45. Qxh6+ Kxh6 46. Rxe8) 40... Qf7 41. Qd4 {[%emt 0:34:28] Strongly threatening Bc4.} f2 42. Qc4 Be6 43. Rxf8+ Kxf8 44. Qd4 Ke8 {[%emt 0:04:10] Inhibits Qd8+.} 45. Qxf2 Qh5 46. Qe3 Kd7 47. Kg3 Qd5 {[%emt 0:02:43] Against Qd4} 48. Qd3 (48. Ne5+ $142 Kd8 49. Bc4 Qxe5+ 50. Qxe5 Bxc4 51. Qxg7 Ke8 52. Kf4 Bf7 53. Ke4) 48... Bf5 49. Qxd5+ cxd5 50. Bb5+ Kd8 51. Kf4 Bd7 52. Bxd7 Kxd7 53. Ke5 Kc6 {[%emt 0:00:06] Weighted Error Value: White=0.24 (precise) /Black=0.68} 1-0

[Event "44th Chess Olympiad Open 2022"]
[Site "Chennai"]
[Date "2022.08.07"]
[Round "9.69"]
[White "Tchouka, Yakini"]
[Black "Gabriel, Davidson"]
[Result "0-1"]
[ECO "C54"]
[WhiteElo "1934"]
[BlackElo "1915"]
[Annotator "TA"]
[PlyCount "84"]
[EventDate "2022.07.29"]
[EventType "team-tourn"]
[EventCountry "IND"]
[SourceTitle "playchess.com"]
[Source "ChessBase"]
[SourceQuality "1"]
[WhiteTeam "Togo"]
[BlackTeam "Haiti"]
[WhiteTeamCountry "TOG"]
[BlackTeamCountry "HAI"]
[TimeControl "40/5400+30:1800+30"]

1. e4 e5 2. Nf3 Nc6 3. Bc4 Bc5 4. d3 h6 5. c3 Nf6 6. O-O Qe7 {[%emt 0:03:35] C54: Giuoco Piano: 4 c3 Nf6, main lines with 5 d4 and 5 d3.} ({Don't play} 6... d5 7. exd5 Ne7 8. Nxe5 $16) 7. b4 Bb6 8. a4 {[%emt 0:00:12] [#] And now a5 would win.} a6 $1 {[%emt 0:00:55] White is slightly better.} 9. Be3 Ba7 10. Nbd2 d6 {[%emt 0:00:45] [#]} 11. Bxa7 $146 ({Predecessor:} 11. Rb1 O-O 12. b5 Na5 13. Bxa7 Rxa7 14. Ne1 Nxc4 15. Nxc4 axb5 16. axb5 b6 17. Nc2 {1-0 (66) Bosnjak,D (2368)-Abdic,A (2036) Neum 2000}) 11... Nxa7 12. d4 O-O 13. dxe5 dxe5 14. Qe2 Bg4 15. h3 Bh5 16. Rfd1 a5 17. b5 (17. bxa5 $14 Nc6 18. a6 bxa6 19. Bxa6) 17... Nc8 $11 18. Nf1 Nb6 19. Bb3 Bxf3 (19... Rad8 $15) 20. Qxf3 g6 21. Ne3 Kg7 22. Nd5 Nfxd5 23. exd5 Rad8 24. Qe3 (24. c4 $11 {feels stronger.}) 24... Qd6 25. c4 Nd7 {[%emt 0:00:10] Inhibits c5.} 26. h4 (26. Ra2 $11 {remains equal.}) 26... f5 27. Re1 Nc5 28. Bc2 Rde8 29. g3 f4 (29... b6 {keeps more tension.} 30. Re2 e4 31. Rae1 f4) 30. Qc3 b6 31. Re2 h5 ({Black should try} 31... Rf6 $17) 32. Rae1 Nd7 33. Re4 fxg3 34. Qxg3 {[%emt 0:00:53] [#]} (34. fxg3 $15 Rf6 35. R4e3) 34... Rf6 $1 $17 35. Qg5 (35. R4e3 $17) 35... Ref8 $19 ({Weaker is} 35... Qc5 36. R1e2 $17) 36. f4 (36. R1e2) 36... Rxf4 {[%emt 0:00:21] White must now prevent ...Qc5+. Black is clearly winning.} 37. Rxf4 Rxf4 38. Kh1 Rg4 39. Qd8 Rxc4 40. Be4 Nc5 41. Qxd6 cxd6 42. Bb1 Rxh4+ {[%emt 0:32:55] Weighted Error Value: White=0.61/Black=0.19 (very precise)} 0-1

[Event "44th Chess Olympiad Open 2022"]
[Site "Chennai"]
[Date "2022.08.07"]
[Round "9.71"]
[White "Diop, Wara"]
[Black "Ndahangwapo, Heskiel"]
[Result "0-1"]
[ECO "B21"]
[WhiteElo "1636"]
[BlackElo "1904"]
[Annotator "TA"]
[PlyCount "50"]
[EventDate "2022.07.29"]
[EventType "team-tourn"]
[EventCountry "IND"]
[SourceTitle "playchess.com"]
[Source "ChessBase"]
[SourceQuality "1"]
[WhiteTeam "Senegal"]
[BlackTeam "Namibia"]
[WhiteTeamCountry "SEN"]
[BlackTeamCountry "NAM"]
[TimeControl "40/5400+30:1800+30"]

1. e4 c5 2. Nf3 d6 3. Bc4 e6 4. c3 Nf6 5. e5 dxe5 6. Nxe5 Be7 7. O-O O-O 8. d4 cxd4 {[%emt 0:00:26] [#]} 9. Qxd4 $146 {[%emt 0:01:25] B21: Sicilian: 2 f4 and Morra Gambit.} ({Predecessor:} 9. cxd4 a6 10. a4 b6 11. Nc3 Bb7 12. Be3 Nc6 13. Nxc6 Bxc6 14. Qe2 Bb7 15. Rac1 Qd7 16. Bb3 Nd5 17. Rfd1 Rfd8 18. Qh5 g6 19. Qh3 {½-½ (41) Nun,J (2370)-Borovikov,V (2595) Pardubice 2005}) 9... Qc7 {[%emt 0:00:26] Strongly threatening ...Bc5.} 10. Bf4 (10. Re1 $11 {keeps the balance.}) 10... Bd6 (10... Rd8 $17 11. Qe3 Nh5) 11. Na3 (11. Rd1 $14 Bc5 12. Ng4 $1 Nxg4 13. Bxc7 Bxd4 14. Rxd4) 11... a6 (11... Nc6 $142 12. Nb5 Nxd4 13. Nxc7 Bxc7 14. cxd4 b6) 12. Bb3 $2 (12. Rad1 $11 Bc5 13. Ng4 $1 Bxd4 14. Bxc7 Bxc3 15. bxc3 Nxg4 16. Be2) 12... b5 $2 ({Better is} 12... Nc6 $17 13. Nxc6 Bxf4 14. Ne7+ Kh8 15. Nxc8 Bxh2+ 16. Kh1 Be5) 13. Rad1 Bc5 14. Qd3 {[%emt 0:08:29][%cal Oe5g6] Hoping for Ng6!} Nh5 15. Bc2 f5 16. Qf3 {[%emt 0:02:19] [#]} (16. Bc1 $11 {remains equal.}) 16... Nxf4 $1 $17 17. Qxf4 {[%emt 0:01:53] [#]} Bd6 $1 $36 {[%emt 0:00:09][%mdl 2048] Black has strong initiative.} 18. Rfe1 Nc6 {[%emt 0:01:18][%cal Rd6e5] Against Qd4} 19. Qf3 $2 (19. Rxd6 $17 Qxd6 20. Bb3) 19... Nxe5 $2 20. Rxe5 $2 (20. Qxa8 $17 Bb7 21. Qxb7 (21. Qa7 $2 Bc5 $19) 21... Qxb7 22. Rxd6) 20... Bxe5 $19 21. Qxa8 Bb7 22. Nxb5 Qc6 ({Inferior is} 22... Rxa8 23. Nxc7 Bxc7 24. Rd7 $17) 23. Qxf8+ Kxf8 24. f3 Qxb5 25. Bb3 Qe2 {[%emt 0:00:16] Weighted Error Value: White=1.77/Black=0.71} 0-1

[Event "44th Chess Olympiad Open 2022"]
[Site "Chennai"]
[Date "2022.08.07"]
[Round "9.72"]
[White "Mirulla, David"]
[Black "Karelina, Polina"]
[Result "1-0"]
[ECO "B07"]
[WhiteElo "1953"]
[BlackElo "1835"]
[Annotator "TA"]
[PlyCount "113"]
[EventDate "2022.07.29"]
[EventType "team-tourn"]
[EventCountry "IND"]
[SourceTitle "playchess.com"]
[Source "ChessBase"]
[SourceQuality "1"]
[WhiteTeam "CPV"]
[BlackTeam "Bahamas"]
[BlackTeamCountry "BAH"]
[TimeControl "40/5400+30:1800+30"]

1. e4 d6 2. d4 Nf6 3. Nc3 c6 4. f4 Qa5 5. Bd3 e5 6. Nf3 Bg4 7. Be3 Nbd7 {[%emt 0:00:32] B07: Pirc Defence: Miscellaneous Systems.} 8. h3 exf4 9. Bxf4 (9. Bd2 $5 Bxf3 10. Qxf3 $14) 9... Bh5 (9... Bxf3 $11 10. Qxf3 Qb4) 10. O-O Be7 11. Qd2 {[%emt 0:07:09] [#]} O-O $146 {[%emt 0:10:12] [#]} (11... Qb6 $142) ({Predecessor:} 11... Qb6 12. Bc4 Bxf3 13. Rxf3 Ne5 14. Bxe5 dxe5 15. Kh1 Qxd4 16. Qxd4 exd4 17. Ne2 Nxe4 18. Bxf7+ {0-1 (38) Lucaroni,M (2310)-Galego,L (2494) Reykjavik 2009}) 12. Nd5 $1 $16 Qd8 13. Nxe7+ Qxe7 14. Rae1 Bg6 15. Bg5 {[%emt 0:04:35] And now e5 would win.} h6 16. Bh4 {[%emt 0:02:11] Black must now prevent e5.} Qe6 17. e5 dxe5 18. Nxe5 Bxd3 19. Nxd7 ({Of course not} 19. Nxd3 $6 Qxa2 20. b3 Qa3 $11) ({Don't play} 19. cxd3 $6 Qd6 $11) 19... Qxd7 20. Qxd3 {[%emt 0:02:07] Rxf6 is the strong threat.} Rfe8 21. Bxf6 Rxe1 22. Rxe1 gxf6 {[%emt 0:00:06][%mdl 4096] Endgame KQR-KQR} 23. Qe4 {[%emt 0:01:56] Inhibits Re8. White is more active.} Rd8 24. c3 Qd5 (24... Kg7 $16 25. Re3 Rg8) 25. Qxd5 $18 Rxd5 {[%emt 0:00:08] KR-KR} 26. Re7 Rb5 27. b4 Kf8 28. Rc7 Ke8 29. Kf2 a5 30. a3 axb4 31. axb4 ({Don't do} 31. cxb4 $6 Rb6 $16) 31... h5 32. Kf3 (32. h4 $18 {is more deadly.}) 32... Rf5+ (32... h4 $16 33. g4 hxg3) 33. Ke2 (33. Ke4 $18 Rb5 34. h4) 33... Rg5 $16 34. Kf2 (34. Kd3 $16) 34... Rf5+ $2 {[%emt 0:00:15] Black is on the road to losing.} (34... Rb5 $1 $11) 35. Kg1 $18 Rb5 (35... Rg5 {keeps fighting.} 36. Rxb7 Rg3) 36. h4 Kf8 37. g3 Kg7 38. Kf2 Kg6 39. Ke3 f5 40. Kd3 (40. Rd7 $142 f6 41. Rd8) 40... f6 (40... Kf6 {was necessary.} 41. Ke3 Ke6) 41. Ke3 Kh6 42. Kd2 (42. Rf7 $142) 42... Kg6 43. Rd7 f4 (43... Rb6 $142 44. Kd3 Rb5) 44. gxf4 Kf5 {[%emt 0:00:00] [#]} 45. Ke3 Kg4 46. Rf7 Rf5 (46... Kf5 $18 47. Rg7 Rb6) 47. Rg7+ {[%emt 0:00:00] White mates.} Kxh4 48. c4 b5 49. Ke4 bxc4 50. Kxf5 {[%emt 0:00:00] KR-KP} c3 51. Rg2 Kh3 52. Rc2 h4 53. Rxc3+ Kg2 54. Kxf6 h3 55. Ke5 h2 56. Rc2+ Kg3 {[%emt 0:00:00] [#]} 57. Rxh2 $3 {[%emt 0:00:00] Weighted Error Value: White=0.19 (very precise) /Black=0.39} 1-0

[Event "44th Chess Olympiad Open 2022"]
[Site "Chennai"]
[Date "2022.08.07"]
[Round "9.72"]
[White "Knowles, Kendrick"]
[Black "Teixeira, Gil"]
[Result "1-0"]
[ECO "D11"]
[WhiteElo "1907"]
[BlackElo "1741"]
[Annotator "TA"]
[PlyCount "103"]
[EventDate "2022.07.29"]
[EventType "team-tourn"]
[EventCountry "IND"]
[SourceTitle "playchess.com"]
[Source "ChessBase"]
[SourceQuality "1"]
[WhiteTeam "Bahamas"]
[BlackTeam "CPV"]
[WhiteTeamCountry "BAH"]
[TimeControl "40/5400+30:1800+30"]

1. d4 d5 2. Nf3 Bf5 3. g3 Nf6 4. Bg2 e6 5. O-O Be7 6. c4 c6 7. Nc3 O-O {[%emt 0:00:06] 7...0-0 is better than 7...h6.} 8. h3 {[%emt 0:01:08] D11: Slav Defence: 3 Nf3 sidelines and 3...Nf6 4 e3 Bg4.} h6 9. b3 Nbd7 10. Bb2 {[%emt 0:00:20] The position is equal.} a5 11. Nd2 {[%emt 0:00:49] [#]} Re8 $146 ({Predecessor:} 11... Qb6 12. e4 dxe4 13. Ndxe4 Nxe4 14. Nxe4 Nf6 15. Nxf6+ Bxf6 16. Qd2 Rfd8 17. Rfd1 Rd7 {½-½ (86) Uzhva,A (2306)-Efanov,N (2411) Belgorod 2009}) 12. Kh2 Rb8 13. a4 Qc7 14. Rc1 Qb6 15. e3 Qd8 16. f3 Bd6 (16... e5 $15 {keeps the upper hand.}) 17. e4 $16 Nh5 {[%emt 0:01:26] [#]} 18. f4 {[%emt 0:01:33] [#]} (18. exf5 Qg5 19. f4 (19. Ne2 Nxg3 20. Kg1 Nxe2+ 21. Qxe2 exf5 $17) 19... Qxg3+ 20. Kh1 Bxf4 21. Rxf4 Nxf4 $17) (18. e5 $1 $16 Nxg3 19. exd6 Nxf1+ 20. Nxf1) 18... Bg6 $2 {[%emt 0:00:21] This costs Black the game.} (18... Nxg3 $1 $11 {and Black has nothing to worry.} 19. Kxg3 (19. exf5 Nxf1+ 20. Qxf1 exf5 $17) 19... Qg5+ 20. Kh2 Bxf4+ 21. Rxf4 Qxf4+ 22. Kh1 dxe4) 19. e5 $18 (19. exd5 exd5 20. cxd5 Ndf6 $11) 19... Bc7 20. Bf3 ({But not} 20. cxd5 $6 exd5 21. Bf3 Nhf6 22. exf6 Nxf6 $18) 20... Nxf4 21. gxf4 Qh4 22. Ne2 ({Much less strong is} 22. cxd5 Qxf4+ 23. Kh1 Nxe5 24. dxe5 (24. Ne2 Qh4 $16) 24... Bxe5 $18) 22... Bf5 23. Bg2 Bd8 24. Nf3 Qe7 25. Qd2 b5 $2 (25... dxc4 26. bxc4 Qb4) 26. c5 bxa4 27. bxa4 Rb4 28. Bc3 Rxa4 29. Ra1 Rc4 30. Bxa5 {[%emt 0:00:14] Strongly threatening Bc3.} Rc2 31. Qd1 Bxa5 32. Rxa5 Rb2 33. Ng3 Bh7 34. Qa1 Reb8 35. Ra8 {[%emt 0:00:42] Threatens to win with Rxb8+.} R2b5 36. Qa7 Rxa8 37. Qxa8+ Nb8 38. Ra1 g5 $2 (38... Qb7 39. Nf1 Kf8) 39. fxg5 hxg5 40. Ra7 Qd8 41. Nh5 {[%emt 0:30:24] Black must now prevent Nf6+.} Bg6 {[%emt 0:32:55] [#]} 42. Rd7 $3 Qf8 (42... Qc8 43. Nf6+) 43. Nf6+ Kg7 44. Rb7 Bf5 45. Nxg5 Rxb7 46. Qxb7 {[%emt 0:00:06] White mates.} Kg6 47. h4 Kg7 48. Bh3 Kg6 {[%emt 0:00:54] [#]} 49. Nxe6 $1 Bxe6 (49... Qh8 50. Nf4+) 50. Bxe6 Na6 51. Qb1+ Kh6 52. Qh7# {[%emt 0:00:30] Weighted Error Value: White=0.26 (precise) /Black=0.59} 1-0

[Event "44th Chess Olympiad Open 2022"]
[Site "Chennai"]
[Date "2022.08.07"]
[Round "9.74"]
[White "Carpenter, Paul A"]
[Black "Mlawa, Hemed"]
[Result "1/2-1/2"]
[ECO "B01"]
[WhiteElo "1938"]
[BlackElo "1896"]
[Annotator "TA"]
[PlyCount "92"]
[EventDate "2022.07.29"]
[EventType "team-tourn"]
[EventCountry "IND"]
[SourceTitle "playchess.com"]
[Source "ChessBase"]
[SourceQuality "1"]
[WhiteTeam "Channel Islands"]
[BlackTeam "Tanzania"]
[WhiteTeamCountry "JCI"]
[BlackTeamCountry "TAN"]
[TimeControl "40/5400+30:1800+30"]

1. e4 d5 2. exd5 Qxd5 3. Nc3 Qd8 4. Nf3 Nf6 5. Bc4 e6 6. O-O {[%emt 0:02:29] B01: Scandinavian Defence.} a6 7. a4 {[%emt 0:02:11] Prevents b5.} c5 8. d3 Nc6 9. Bg5 Be7 10. Qd2 O-O 11. Rfe1 b6 12. Rad1 {[%emt 0:06:29] [#]} Nd4 $146 ({Predecessor:} 12... Bb7 13. Bxf6 Bxf6 14. Ne4 Na5 15. Nxf6+ Qxf6 16. Ne5 Rfd8 17. Ba2 Nc6 18. Nxf7 Kxf7 19. Re2 Qh6 20. Bxe6+ Kf6 {1-0 (20) Lange,P-Schimanski,I Germany 1996}) 13. Nxd4 Qxd4 14. Qf4 Qxf4 15. Bxf4 Ra7 {[%emt 0:00:17] Inhibits Bc7.} 16. h3 h6 17. Be5 Nd7 18. Bf4 Bf6 19. Bd2 (19. Ne4 $142) 19... Bb7 $11 20. Rb1 Be7 21. Bd5 Nf6 22. Bxb7 Rxb7 23. Bf4 Rd8 24. Ne4 (24. b3 $11 {remains equal.}) 24... Rd4 (24... c4 $17 25. dxc4 Rd4 26. Nxf6+ Bxf6) 25. b3 Nxe4 26. Rxe4 Rxe4 27. dxe4 {[%emt 0:00:03][%mdl 4096] Endgame KRB-KRB} Rd7 28. Kf1 g5 29. Be3 b5 30. axb5 axb5 31. Ra1 c4 32. bxc4 bxc4 33. Ra8+ Rd8 $1 34. Rxd8+ Bxd8 $14 {[%emt 0:00:05] KB-KB. The position is equal.} 35. Ke2 Bf6 36. Bc5 Bc3 37. Kd1 Kg7 38. g4 Kg6 39. Ke2 f5 40. exf5+ exf5 41. Ke3 h5 42. f3 hxg4 43. hxg4 Bb2 44. Be7 Bc3 45. Bd8 Be5 46. Be7 Bc3 {[%emt 0:00:23] Weighted Error Value: White=0.13 (very precise) /Black=0.08 (flawless)} 1/2-1/2